 Dungeon Crawl Stone Soup version 0.28-a0-60-g54b5640690 (webtiles) character file.

Game seed: 13443556207481785478

13335 arson the Fighter (level 12, -3/70 HPs)
             Began as a Vine Stalker Berserker on July 30, 2021.
             Was a High Priest of Trog.
             Slain by a black mamba (4 damage)
             ... on level 3 of the Lair of Beasts.
             The game lasted 00:21:45 (10054 turns).

arson the Fighter (Vine Stalker Berserker)         Turns: 10054, Time: 00:21:45

Health: -3/70      AC: 18    Str: 22    XL:     12   Next: 4%
Magic:  0/22       EV:  9    Int: 11    God:    Trog [*****.]
Gold:   545        SH:  0    Dex: 19    Spells: 11/11 levels left

rFire   . . .      SeeInvis .   G - +5 battleaxe
rCold   . . .      Faith    .   (shield currently unavailable)
rNeg    . . .      Spirit   +   v - +5 chain mail of Beogh's Envy {rElec Str+2 Int+4}
rPois   .          Reflect  .   i - +1 helmet
rElec   +          Harm     .   L - +0 cloak
rCorr   .          Rampage  .   y - +0 pair of gloves
Will    +....                   (no boots)
Stlth   ..........              z - amulet of magic regeneration
HPRegen 1.21/turn               f - ring of magical power
MPRegen 0.43/turn               P - +4 ring of slaying

@: mighty, lethally poisoned (-3 -> -4), on berserk cooldown, slowed, very slow
A: fangs 3, regeneration 1, magic shield, antimagic bite, no potion heal 2
a: Renounce Religion, Berserk, Trog's Hand, Brothers in Arms


You were on level 3 of the Lair of Beasts.
You worshipped Trog.
Trog was extremely pleased with you.
You visited 2 branches of the dungeon, and saw 12 of its levels.

You collected 545 gold pieces.

Inventory:

Hand Weapons
 G - a +5 battleaxe (weapon)
Missiles
 A - a throwing net (quivered)
Armour
 i - a +1 helmet (worn)
 v - the +5 chain mail of Beogh's Envy (worn) {rElec Str+2 Int+4}
   (You found it on level 9 of the Dungeon)

   Str:       It affects your strength (+2).
   Int:       It affects your intelligence (+4).
   rElec:     It insulates you from electricity.
 y - a +0 pair of gloves (worn)
 B - a +3 chain mail
 L - a +0 cloak (worn)
Jewellery
 f - a ring of magical power (left hand)
 z - an amulet of magic regeneration (around neck)
 J - a ring of magical power
 P - a +4 ring of slaying (right hand)
Wands
 s - a wand of flame (40)
 u - a wand of iceblast (30)
 w - a wand of mindburst (9)
 H - a wand of paralysis (4)
 I - a wand of polymorph (3)
 M - a wand of digging (8)
Scrolls
 b - 12 scrolls of identify {unknown}
 c - 2 scrolls of brand weapon {unknown}
 h - 3 scrolls of fear {unknown}
 j - 5 scrolls of amnesia {unknown}
 l - 2 scrolls of blinking {unknown}
 n - 2 scrolls of holy word {unknown}
 p - 4 scrolls of teleportation {unknown}
 t - 2 scrolls of magic mapping {unknown}
 C - a scroll of immolation {unknown}
 E - 2 scrolls of enchant armour {unknown}
 K - a scroll of silence {unknown}
 N - a scroll of fog {unknown}
Potions
 a - a potion of flight {unknown}
 d - 2 potions of might
 e - 2 potions of attraction {unknown}
 g - 2 potions of cancellation {unknown}
 k - a potion of ambrosia {unknown}
 m - 2 potions of heal wounds {unknown}
 o - 2 potions of degeneration {unknown}
 q - 2 potions of curing {unknown}
 r - 2 potions of brilliance {unknown}
 x - a potion of haste
 D - 2 potions of resistance
 F - 2 potions of lignification {unknown}
 O - a potion of berserk rage {unknown}


   Skills:
 + Level 11.2 Fighting
 + Level 10.5 Axes
 - Level 2.1 Armour
 - Level 2.1 Dodging
 - Level 9.5 Unarmed Combat


You had 11 spell levels left.
You didn't know any spells.
Your spell library was empty.

Dungeon Overview and Level Annotations

Branches:
Dungeon (9/15)             Temple (0/1) D:4            Lair (3/6) D:9
  Swamp: Lair:2-4    Shoals: Lair:2-4     Snake: Lair:2-4    Spider: Lair:2-4
    Orc: D:9-12

Altars:
Cheibriados
Beogh

Shops:
D:8 [

Annotations:
Lair:2 exclusion: oklob plant


Innate Abilities, Weirdness & Mutations

You have razor-sharp teeth.
Your natural rate of healing is unusually fast.
When hurt, damage is shared between your health and your magic reserves.
Your bite disrupts and absorbs the magic of your enemies.
Potions cannot restore your health.


Message History

You feel very sick. The black mamba barely misses you.
The black mamba bites you!
The black mamba bites you but does no damage. x2
You feel sick. The black mamba bites you!
You are more poisoned.
The black mamba poisons you!
The four-headed hydra closely misses you.
The four-headed hydra bites you but does no damage.
The four-headed hydra closely misses you.
The four-headed hydra barely misses you.
Okay, then.
Unknown command.
Unknown command.
You fail to use your ability.
You feel extremely sick. The black mamba bites you. The black mamba bites you!
The black mamba barely misses you. The four-headed hydra bites you.
* * * LOW HITPOINT WARNING * * *
The four-headed hydra bites you.
* * * LOW HITPOINT WARNING * * *
The four-headed hydra misses you.
The four-headed hydra closely misses you.
You feel very sick.
The black mamba bites you but does no damage. x2
The four-headed hydra barely misses you.
The four-headed hydra bites you!
* * * LOW HITPOINT WARNING * * *
The four-headed hydra bites you but does no damage.
The four-headed hydra barely misses you.
You feel very sick. The black mamba bites you!
* * * LOW HITPOINT WARNING * * *
* * * LOW HITPOINT WARNING * * *
You feel very sick.
It was a potion of might.
You feel very mighty all of a sudden.
You feel sick. The black mamba bites you.
* * * LOW HITPOINT WARNING * * *
The black mamba closely misses you. The black mamba bites you.
You die...

#......# #.....
##.<.### ##......
##....# #.....
#.....## .....
#...>.P# ##..
#.....## .
#......### ..
#........## ...
##...@D#..## ...#
#####S..††###.....
#....†.......#
##......#...#.
#..........#..
###.......##
##.....#...
#....##... .....#
.##


You could see a four-headed hydra and a black mamba.

Vanquished Creatures
  A hydra (Lair:1)
  A two-headed ogre (D:9)
  4 elephants (Lair:3)
  A black mamba (Lair:1)
  Maurice (D:9)
  4 cane toads
  Grinder (D:3)
  A hornet (Lair:2)
  11 yaks
  4 wyverns (D:9)
  A basilisk (D:9)
  2 steam dragons
  Grum (D:8)
  7 water moccasins
  8 orc warriors
  2 ice beasts
  A black bear (D:7)
  13 wolves
  3 centaurs
  An ogre (D:5)
  A kobold brigand (D:6)
  7 bullfrogs
  2 gnoll sergeants
  A scorpion (D:3)
  A wyvern skeleton (D:6)
  11 killer bees
  8 wights (D:8)
  3 howler monkeys
  A bullfrog zombie (D:6)
  A jelly (D:6)
  4 centaur skeletons
  3 centaur zombies
  2 hounds
  5 orc priests
  5 iguanas
  Ijyb (D:4)
  7 orc wizards
  A killer bee zombie (D:8)
  A hound skeleton (D:4)
  Robin (D:3)
  5 adders
  15 gnolls
  A shadow imp (D:7)
  An ufetubus (D:3)
  2 worms
  2 dart slugs
  35 orcs
  4 bats
  3 endoplasms
  2 giant cockroaches
  21 goblins
  20 hobgoblins
  7 jackals
  9 kobolds
  2 quokkas
  4 ball pythons
  4 rats
271 creatures vanquished.

Vanquished Creatures (others)
  3 fungi
  11 plants
14 creatures vanquished.

Grand Total: 285 creatures vanquished

Notes
Turn   | Place    | Note
-------+----------+-------------------------------------------
     0 | D:1      | arson the Vine Stalker Berserker began the quest for the
                  | Orb.
     0 | D:1      | Reached XP level 1. HP: 11/11 MP: 2/2
   183 | D:1      | Reached skill level 3 in Fighting
   183 | D:1      | Reached XP level 2. HP: 10/16 MP: 1/3
  1004 | D:1      | Reached XP level 3. HP: 14/20 MP: 4/4
  1533 | D:2      | Reached ** piety under Trog
  1841 | D:2      | Found a faded altar of an unknown god.
  1942 | D:3      | Noticed Robin
  2037 | D:3      | Noticed a scorpion
  2046 | D:3      | Killed a scorpion
  2047 | D:3      | Reached skill level 4 in Fighting
  2047 | D:3      | Gained mutation: Your natural rate of healing is unusually
                  | fast. [Vine Stalker growth]
  2047 | D:3      | Reached XP level 4. HP: 4/25 MP: 5/5
  2114 | D:3      | Found a snail-covered altar of Cheibriados.
  2186 | D:3      | Reached XP level 5. HP: 30/30 MP: 6/6
  2345 | D:3      | Noticed Grinder
  2361 | D:3      | Paralysed by Grinder for 5 turns
  2376 | D:3      | Paralysed by Grinder for 3 turns
  2385 | D:3      | Killed Grinder
  2386 | D:3      | Reached skill level 5 in Fighting
  2386 | D:3      | Reached XP level 6. HP: 19/35 MP: 7/7
  2534 | D:3      | Killed Robin
  2566 | D:3      | Reached *** piety under Trog
  2623 | D:3      | Reached skill level 5 in Unarmed Combat
  2623 | D:3      | Reached XP level 7. HP: 20/39 MP: 6/8
  2721 | D:3      | Reached skill level 6 in Fighting
  3028 | D:4      | Found a staircase to the Ecumenical Temple.
  3113 | D:4      | Noticed Ijyb
  3134 | D:4      | Killed Ijyb
  3756 | D:5      | Entered Level 5 of the Dungeon
  3885 | D:5      | Reached skill level 7 in Fighting
  4020 | D:5      | Noticed a steam dragon
  4039 | D:5      | Killed a steam dragon
  4040 | D:5      | Gained mutation: You have razor-sharp teeth. [Vine Stalker
                  | growth]
  4040 | D:5      | Reached XP level 8. HP: 25/46 MP: 6/9
  4463 | D:5      | Reached skill level 8 in Fighting
  4947 | D:6      | Found a runed translucent door.
  5009 | D:6      | Reached **** piety under Trog
  5498 | D:6      | Reached XP level 9. HP: 51/52 MP: 10/10
  5550 | D:6      | Reached skill level 9 in Fighting
  6776 | D:8      | Reached skill level 10 in Fighting
  6892 | D:8      | Reached XP level 10. HP: 57/60 MP: 11/11
  6894 | D:8      | Noticed Grum
  6914 | D:8      | Killed Grum
  7213 | D:8      | Found Paizeoco's Antique Armour Shoppe.
  7685 | D:9      | Noticed Maurice
  7820 | D:9      | Reached skill level 1 in Axes
  7868 | D:9      | Reached ***** piety under Trog
  8056 | D:9      | Reached skill level 5 in Axes
  8103 | D:9      | Reached XP level 11. HP: 62/64 MP: 12/12
  8108 | D:9      | Found a staircase to the Lair.
  8136 | D:9      | Noticed a two-headed ogre
  8143 | D:9      | Killed a two-headed ogre
  8158 | D:9      | Identified the +5 chain mail of Beogh's Envy {rElec Str+2
                  | Int+4}
  8517 | D:9      | Killed Maurice
  8616 | Lair:1   | Entered Level 1 of the Lair of Beasts
  8870 | Lair:1   | Noticed a five-headed hydra
  8879 | Lair:1   | Killed a seven-headed hydra
  9474 | Lair:2   | Noticed an oklob plant
  9505 | Lair:2   | Reached skill level 10 in Axes
  9968 | Lair:3   | Reached skill level 11 in Fighting
 10039 | Lair:3   | Reached XP level 12. HP: 70/70 MP: 13/13
 10045 | Lair:3   | Noticed a four-headed hydra
 10052 | Lair:3   | HP: 3/70 [black mamba (4)]
 10054 | Lair:3   | HP: 1/70 [black mamba (1)]
 10054 | Lair:3   | Slain by a black mamba

Illustrated notes

Levels and vault maps discovered:
D:1:      ncdulo_watergridlock, layout_rooms, serial_park_tiny_2, minivault_26
D:2:      layout_loops_ring, chequers_ecumenical_altar_grove
D:3:      cheibrodos_greedy_goblins, layout_basic, cheibriados_altar_1,
          uniq_grinder, uniq_robin
D:4:      layout_gridville, minmay_temple_entry_slanted, uniq_ijyb
D:5:      layout_loops_ring, minmay_a_box_with_orc_wizards_in_it
D:6:      layout_loops_ring, serial_glass, glass_columns_a, glass_columns_c,
          glass_columns_a, glass_columns_b, glass_columns_b, glass_columns_b,
          due_unseen_surprise, feat_on_display, item_on_display_a,
          lightli_church_of_beogh
D:7:      layout_gridville, serial_glass, glass_columns_b, glass_columns_a,
          sigmund_army
D:8:      layout_basic, hex_large, nicolae_inconvenience_store, uniq_grum
D:9:      layout_stronghold, minmay_lair_entry_grove, uniq_maurice
Lair:1:   layout_chaotic_city, chequers_serial_rivers_micro_d,
          minmay_hedge_maze, lemuel_fruit_fields, lemuel_fruit_fields
Lair:2:   layout_misc_corridors, minmay_lair_oklob_chamber
Lair:3:   layout_misc_corridors, minmay_snake_entry_six_corridors,
          grunt_megastairs_5, infiniplex_staircase_pool

Skill      XL: |  1  2  3  4  5  6  7  8  9 10 11 |
---------------+----------------------------------+-----
Fighting       | 3 4 5 7 8 10 11 | 11.2
Unarmed Combat | 4 5 6 7 9 |  9.5
Axes           | 6 10 | 10.5
Armour         | 2 |  2.1
Dodging        | 2 |  2.1

Action                   |  1- 3 |  4- 6 |  7- 9 | 10-12 || total
-------------------------+-------+-------+-------+-------++-------
Melee: Unarmed           |    90 |   132 |   404 |    48 ||   674
       Bite              |    29 |    50 |   160 |    84 ||   323
       Punch             |       |     3 |    16 |     1 ||    20
       Battleaxe         |       |       |       |   173 ||   173
Invok: Berserk           |       |       |     3 |    11 ||    14
       Trog's Hand       |       |       |     2 |     2 ||     4
       Brothers in Arms  |       |       |       |     1 ||     1
  Use: Potion            |       |       |       |     1 ||     1
 Stab: Sleeping          |     3 |       |       |       ||     3
Armor: Animal skin       |    14 |       |       |       ||    14
       Chain mail        |     5 |    97 |   250 |   174 ||   526
Dodge: Dodged            |    47 |    47 |   186 |   123 ||   403

Table legend: (Time is in decaauts)
 A = Elapsed time spent in this place.
 B = Non-inter-level travel time spent in this place.
 C = Inter-level travel time spent in this place.
 D = Time resting spent in this place.
 E = Time spent auto-exploring this place.
 F = Levels seen in this place.
 G = Mean time per level.
                   A        B        C        D        E       F      G
               +--------+--------+--------+--------+--------+-----+--------+
         Total |  10140 |   9713 |    427 |   1422 |   6447 |  12 |  845.0 |
       Dungeon |   8658 |   8291 |    367 |   1306 |   5349 |   9 |  962.0 |
          Lair |   1481 |   1421 |     60 |    115 |   1098 |   3 |  493.7 |
               +--------+--------+--------+--------+--------+-----+--------+

Top non-repeatable levels by time:
     D:6: 1201 daAuts
     D:1: 1160 daAuts
     D:9: 1035 daAuts
     D:5: 983 daAuts
     D:8: 938 daAuts
     D:3: 868 daAuts
     D:2: 857 daAuts
     D:4: 844 daAuts
  Lair:1: 780 daAuts
     D:7: 768 daAuts
  Lair:2: 580 daAuts
  Lair:3: 120 daAuts
